 Dungeon Crawl Stone Soup version 0.17-a0-1115-g0372368 (webtiles) character file.

11433 HeyJoe the Cleaver (level 11, -1/99 HPs)
             Began as a Deep Dwarf Berserker on May 22, 2015.
             Was a High Priest of Trog.
             Killed from afar by a deep elf mage (20 damage)
             ... with an orb of energy
             ... on level 12 of the Dungeon.
             The game lasted 00:56:49 (10090 turns).

HeyJoe the Cleaver (Deep Dwarf Berserker)          Turns: 10090, Time: 00:56:49

Health: -1/99      AC:  5    Str: 24    XL:     11   Next: 49%
Magic:  13/13      EV: 10    Int: 10    God:    Trog [*****.]
Gold:   596        SH:  0    Dex: 12    Spells: 0 memorised, 10 levels left

rFire  . . .     SeeInvis .     l - +1 war axe
rCold  + . .     Clarity  .     g - +1 plate armour
rNeg   . . .     SustAt   .     (no shield)
rPois  .         Gourm    .     B - +1 helmet
rElec  +         Spirit   .     (no cloak)
rCorr  .         Warding  .     v - +0 pair of gloves
rMut   .         Stasis   .     w - +0 pair of boots
MR     +....                    (no amulet)
Stlth  ..........               y - +2 ring of intelligence
                                b - ring of protection from cold

@: lethally poisoned (-1 -> -1), exhausted, corroded equipment,
non-regenerating, slowed, very slow, somewhat resistant to hostile enchantments,
extremely unstealthy
A: damage resistance, recharge devices, hooves 1, repulsion field 1, sense
surroundings 2, electricity resistance, slow healing 3, wild magic 1
a: Device Recharging, Burn Spellbooks, Berserk, Trog's Hand, Brothers in Arms,
Renounce Religion


You were on level 12 of the Dungeon.
You worshipped Trog.
Trog was extremely pleased with you.
You were not hungry.

You visited 1 branch of the dungeon, and saw 12 of its levels.

You collected 596 gold pieces.

Inventory:

Hand weapons
 l - a +1 war axe (weapon)
Armour
 g - a +1 plate armour (worn)
 v - a +0 pair of gloves (worn)
 w - a +0 pair of boots (worn)
 B - a +1 helmet (worn)
Jewellery
 b - a ring of protection from cold (left hand)
 i - an uncursed amulet of stasis
 r - an uncursed ring of flight
 y - a +2 ring of intelligence (right hand)
 G - a +6 ring of intelligence
Magical devices
 c - a wand of heal wounds (2)
 k - a wand of polymorph (15)
 z - a wand of random effects (29)
 A - a wand of flame (13)
 C - a wand of lightning (4)
 D - a wand of confusion (12)
 H - a wand of enslavement (10)
Scrolls
 e - 3 scrolls of teleportation
 f - 4 scrolls of identify
 j - 3 scrolls of blinking
 t - 2 scrolls of fear
 x - a scroll of enchant armour
 J - a scroll of remove curse
 K - a scroll of fog
Potions
 h - 2 potions of brilliance
 m - 4 potions of heal wounds
 n - 9 potions of curing
 p - a potion of haste
 q - a potion of flight
 u - a potion of cure mutation
 F - 2 potions of ambrosia
Miscellaneous
 s - a phial of floods
Comestibles
 a - 2 slices of pizza
 d - 7 bread rations
 o - 5 meat rations
 E - 21 fruits


   Skills:
 + Level 6.8 Fighting
 * Level 13.2 Axes
 + Level 9.9 Armour
 - Level 2.1 Dodging
 - Level 10.6 Evocations


You had 10 spell levels left.
You didn't know any spells.

Dungeon Overview and Level Annotations

Branches:
Dungeon (12/15)              Lair (0/8) D:9             Orc (0/4) D:11
 Temple: D:4-7

Altars:
Cheibriados
Elyvilon
Fedhas
Qazlal
Vehumet
Xom

Annotations:
D:3 exclusion: oklob plant


Innate Abilities, Weirdness & Mutations

You are resistant to damage.
You can recharge devices by infusing magical energy.
You passively map the area around you.
You do not heal naturally.
You have large cloven feet.
You are surrounded by a mild repulsion field (EV +2).
You are resistant to electric shocks.
Your spells are a little harder to cast, but a little more powerful.


Message History

The deep elf mage is almost dead.
The deep elf mage mumbles some strange words.
The deep elf mage blinks!
You feel a strong urge to attack something.
You are no longer berserk.
You are exhausted.
You feel yourself slow down.
You are feeling hungry.
The deep elf mage hits you with a short sword.
* * * LOW HITPOINT WARNING * * *
You hit the deep elf mage.
The deep elf mage is almost dead.
The deep elf mage mumbles some strange words.
The deep elf mage blinks!
Eat a chunk of flesh? (ye/n/q/i?) This raw flesh tastes terrible.
You continue eating. x2
The deep elf mage gestures at you while chanting.
The orb of energy hits you!
You die...

#..## ##..##....# ,, ,
#.?####..###....# #. ,,
, ....#...###.....## #.#
,
.......####..##..##>.#*,
,, .......##...## #....#
, ...........## ##....#
, , ...........# #.....
, ,,
...........####..###* ,
, .............#..@## ,
, .......###....e..)# *
,,, , ......##
###..###†#* , , ,, ,
...... * #...# ##.# *,,,
, , ...... ....## #.#* ,
, , , .....## #.#* , ,,,
, #####* #..,, , , , ..#
, * ** .# ,,


You could see a deep elf mage.

Vanquished Creatures
  Nergalle (D:10)
  The ghost of HeyJoe the Severer, an experienced DDBe of Trog (D:8)
  4 hill giants
  An ugly thing (D:12)
  A rust devil (D:12)
  A smoke demon (D:12)
  2 centaur zombies
  An efreet (D:9)
  A troll (D:10)
  A kobold demonologist (D:12)
  A two-headed ogre (D:11)
  A deep elf mage (D:10)
  The ghost of l0ser140 the Sneak, an average OpFE (D:3)
  A wyvern (D:11)
  2 hungry ghosts
  A wraith (D:11)
  3 hippogriffs
  Menkaure (D:6)
  Edmund (D:6)
  6 orc warriors
  3 ice beasts
  A wasp (D:12)
  A sky beast (D:10)
  A black bear (D:8)
  2 centaurs
  A necrophage (D:8)
  5 ogres
  A phantom (D:8)
  A crocodile (D:11)
  2 big kobolds
  10 giant frogs
  A wyvern skeleton (D:11)
  5 scorpions
  3 killer bees (D:4)
  6 wights
  7 crimson imps
  A giant frog skeleton (D:11)
  10 orc priests
  2 giant frog zombies
  6 orc wizards
  2 centaur skeletons
  5 iguanas
  7 jellies
  Natasha (D:2)
  3 hounds
  7 spectral orcs (D:10)
  8 worker ants
  2 worker ant zombies (D:9)
  4 gnolls (D:7)
  9 adders
  3 shadow imps
  3 worms
  10 giant geckos
  28 orcs
  A bat skeleton (D:6)
  3 giant cockroaches
  9 goblins
  18 hobgoblins
  3 jackals (D:7)
  16 kobolds
  8 quokkas
  A ball python (D:8)
  12 bats
  A giant gecko skeleton (D:6)
  4 giant newts
  A jackal zombie (D:8)
  A quokka zombie (D:7)
  17 rats
  A plant (D:4)
289 creatures vanquished.

Notes
Turn   | Place    | Note
--------------------------------------------------------------
     0 | D:1      | HeyJoe the Deep Dwarf Berserker began the quest for the Orb.
     0 | D:1      | Reached XP level 1. HP: 20/20 MP: 1/1
   122 | D:1      | Reached XP level 2. HP: 10/27 MP: 2/2
   155 | D:1      | Reached skill level 4 in Axes
   494 | D:1      | Acquired Trog's second power
   888 | D:2      | Reached XP level 3. HP: 33/33 MP: 3/3
  1064 | D:2      | Noticed Natasha
  1067 | D:2      | Upgraded the game from 0.17-a0-1105-gbe8b664 to 0.17-a0-1115-g0372368
  1074 | D:2      | Killed Natasha
  1092 | D:2      | Reached XP level 4. HP: 25/40 MP: 4/4
  1582 | D:3      | Noticed l0ser140's ghost (average OpFE)
  1588 | D:3      | Reached skill level 5 in Axes
  1593 | D:3      | Reached XP level 5. HP: 27/46 MP: 5/5
  1604 | D:3      | Killed l0ser140's ghost
  1604 | D:3      | Reached skill level 6 in Axes
  1604 | D:3      | Reached skill level 5 in Armour
  1604 | D:3      | Reached XP level 6. HP: 30/55 MP: 6/6
  1628 | D:3      | HP: 2/55 [orc priest/nerve-wracking pain (7)]
  2218 | D:3      | Found a blossoming altar of Fedhas.
  2240 | D:3      | Noticed an oklob plant
  2704 | D:4      | Reached XP level 7. HP: 26/61 MP: 7/7
  2746 | D:4      | Gained mutation: You are weak. (Str -2) [potion of mutation]
  2746 | D:4      | Gained mutation: Your spells are a little harder to cast, but a little more powerful. [potion of mutation]
  2746 | D:4      | Gained mutation: You are resistant to electric shocks. [potion of mutation]
  2813 | D:4      | Reached skill level 7 in Axes
  3425 | D:5      | Entered Level 5 of the Dungeon
  3886 | D:6      | Reached skill level 5 in Evocations
  3886 | D:6      | Reached XP level 8. HP: 32/68 MP: 8/10
  4081 | D:6      | Gained mutation: You have large cloven feet. [potion of mutation]
  4081 | D:6      | Gained mutation: You are surrounded by a mild repulsion field (EV +2). [potion of mutation]
  4081 | D:6      | Lost mutation: You are weak. (Str -2) [potion of mutation]
  4198 | D:6      | Noticed Menkaure
  4205 | D:6      | Killed Menkaure
  4287 | D:6      | Reached skill level 8 in Evocations
  4470 | D:6      | Found a snail-covered altar of Cheibriados.
  4492 | D:6      | Acquired Trog's third power
  4506 | D:6      | Reached skill level 9 in Evocations
  4627 | D:6      | Reached skill level 10 in Evocations
  4655 | D:6      | Gained mutation: You passively map the area around you. [Deep Dwarf growth]
  4655 | D:6      | Reached XP level 9. HP: 18/74 MP: 14/14
  4699 | D:6      | Noticed Edmund
  4708 | D:6      | Killed Edmund
  5295 | D:7      | Found a radiant altar of Vehumet.
  5905 | D:8      | Noticed HeyJoe's ghost (experienced DDBe)
  5922 | D:8      | Killed HeyJoe's ghost
  5922 | D:8      | Reached skill level 10 in Axes
  5922 | D:8      | Reached XP level 10. HP: 86/86 MP: 14/14
  6570 | D:8      | Found a shimmering altar of Xom.
  7349 | D:9      | Found a staircase to the Lair.
  7580 | D:9      | Reached skill level 11 in Axes
  7768 | D:9      | Reached skill level 5 in Fighting
  7869 | D:9      | Found a stormy altar of Qazlal.
  7870 | D:9      | Found a white marble altar of Elyvilon.
  7871 | D:9      | Found a shimmering altar of Xom.
  7874 | D:9      | Found a blossoming altar of Fedhas.
  8124 | D:10     | Entered Level 10 of the Dungeon
  8140 | D:10     | Noticed Nergalle
  8181 | D:10     | Killed Nergalle
  8345 | D:10     | Reached skill level 12 in Axes
  8364 | D:10     | Noticed a hill giant
  8373 | D:10     | Killed a hill giant
  8527 | D:10     | Reached XP level 11. HP: 62/97 MP: 13/13
  9098 | D:11     | Found a staircase to the Orcish Mines.
  9168 | D:11     | Noticed a hill giant
  9180 | D:11     | Received a gift from Trog
  9195 | D:11     | Killed a hill giant
  9339 | D:11     | Noticed a hill giant
  9363 | D:11     | Killed a hill giant
  9924 | D:12     | Noticed a hill giant
  9932 | D:12     | Killed a hill giant
  9932 | D:12     | Reached skill level 13 in Axes
 10090 | D:12     | Killed from afar by a deep elf mage

Vault maps used:
D:1:      shiori_arrival_maze
D:2:      uniq_natasha
D:3:      first_bread, tgw_fedhas
D:4:      serial_forest, infiniplex_forest_side_room,
          infiniplex_forest_clump_small, infiniplex_forest_clump_tiny,
          infiniplex_forest_straight_5, infiniplex_forest_end_2,
          infiniplex_forest_clump_diagonal, lightli_corner_chamber
D:5:      serial_glass, glass_columns_b, glass_columns_a
D:6:      nicolae_overflow_hidden_temple, minmay_temple_entry_from_below_a,
          uniq_edmund, uniq_menkaure
D:7:      lemuel_round_altar
D:8:      basic_altar
D:9:      wad_arrow_thing, minitemple, lair_0_dummy
D:10:     hangedman_decor_slide_cut, blue_anna_alchemist, uniq_nergalle
D:11:     orc_0_dummy
D:12:     uniq_maud

Action                   |  1- 3 |  4- 6 |  7- 9 | 10-12 || total
-------------------------+-------+-------+-------+-------++-------
Melee: Hand axe          |    94 |   119 |       |       ||   213
       War axe           |       |    49 |   490 |   441 ||   980
       Long sword        |       |       |     3 |       ||     3
Invok: Berserk           |     1 |     2 |    10 |     7 ||    20
       Trog's Hand       |       |     1 |       |       ||     1
       Burn Spellbooks   |       |       |     1 |     2 ||     3
 Abil: Device Recharging |       |       |     3 |     2 ||     5
Evoke: Wand              |     1 |     3 |    26 |    14 ||    44
  Use: Scroll            |       |       |    14 |     6 ||    20
       Potion            |       |       |     3 |     3 ||     6
 Stab: Confused          |       |       |       |     5 ||     5
  Eat: Chunk             |     1 |     7 |    16 |    19 ||    43
       Beef jerky        |       |       |     2 |       ||     2
       Fruit             |       |       |     1 |     3 ||     4
       Royal jelly       |       |       |     1 |       ||     1
       Pizza             |       |       |       |     1 ||     1
